 Dungeon Crawl Stone Soup version 0.30-a0-672-gc3a7216ad8 (webtiles) character file.

Game seed: 16986825622256235756

772 dr0g0th the Poker (level 7, -3/55 HPs)
             Began as a Demonspawn Fighter on Jan 18, 2023.
             Succumbed to an orc wizard's poison
             ... on level 5 of the Dungeon.
             The game lasted 00:05:59 (3195 turns).

dr0g0th the Poker (Demonspawn Fighter)              Turns: 3195, Time: 00:05:59

Health: -3/55      AC:  9    Str: 19    XL:     7   Next: 53%
Magic:  7/7        EV: 10    Int: 15    God:
Gold:   1040       SH:  5    Dex: 12    Spells: 6/6 levels left

rFire   . . .      SeeInvis .    k - +1 spear (heavy)
rCold   . . .      Faith    .    c - +0 buckler
rNeg    . . .      Spirit   .    b - +0 scale mail
rPois   .          Reflect  .    f - +2 hat
rElec   .          Harm     .    (no cloak)
rCorr   .          Rampage  .    (no gloves)
Will    .....                    (no boots) Stlth
                                 (no amulet)
HPRegen 0.29/turn                e - +4 ring of slaying
MPRegen 0.10/turn                h - +6 ring of intelligence

@: lethally poisoned (-3 -> -30)
A: antennae 2, icemail 1, condensation shield
a: no special abilities


You were on level 5 of the Dungeon.
You visited 1 branch of the dungeon, and saw 5 of its levels.

You collected 1040 gold pieces.

Inventory:

Hand Weapons
 k - a +1 heavy spear (weapon)
 m - a +0 halberd
Missiles
 d - 2 throwing nets (quivered)
Armour
 b - a +0 scale mail (worn)
 c - a +0 buckler (worn)
 f - a +2 hat (worn)
Jewellery
 e - a +4 ring of slaying (left hand)
 h - a +6 ring of intelligence (right hand)
 p - a ring of fire
Wands
 a - a wand of mindburst (14)
 j - a wand of acid (9)
Scrolls
 g - 2 scrolls of fog
 i - a scroll of teleportation
 o - a scroll of identify
 q - a scroll of magic mapping {unknown}
Potions
 l - a potion of mutation {unknown}
 n - a potion of curing
 r - a potion of cancellation {unknown}


   Skills:
 + Level 4.5 Fighting
 + Level 4.7 Polearms
 + Level 4.5 Armour
 + Level 2.1 Dodging
 + Level 0.7 Stealth
 + Level 4.0 Shields


You had 6 spell levels left.
You didn't know any spells.
Your spell library contained the following spells:

 Spells                   Type           Power      Damage    Failure   Level
 Slow                     Hex            0%         N/A       69%         1
 Ensorcelled Hibernation  Hex/Ice        0%         N/A       83%         2
 Sublimation of Blood     Necr           0%         N/A       83%         2
 Confusing Touch          Hex            0%         N/A       96%         3
 Spider Form              Tmut/Pois      0%         N/A       96%         3
 Stone Arrow              Conj/Erth      0%         3d7       96%         3
 Vampiric Draining        Necr           0%         2d6       96%         3
 Anguish                  Hex/Necr       0%         N/A       100%        4
 Animate Armour           Summ/Erth      0%         N/A       100%        4
 Petrify                  Tmut/Erth      0%         N/A       100%        4
 Blade Hands              Tmut           0%         N/A       100%        5
 Irradiate                Conj/Tmut      0%         3d11      100%        5
 Dragon Form              Tmut           0%         N/A       100%        7
 Lehudib's Crystal Spear  Conj/Erth      0%         10d2      100%        8


Dungeon Overview and Level Annotations

Branches:
Dungeon (5/15)
 Temple: D:4-7

Altars:

Annotations:
D:3 Sigmund


Innate Abilities, Weirdness & Mutations

You have a pair of antennae on your head.
A meltable icy envelope protects you from harm. (AC +0)
A meltable shield of frost defends you. (SH +0)


Message History

You puncture the ogre!
The ogre is severely wounded.
The ogre hits you with a +0 giant club!!
You hit the ogre.
The ogre is almost dead.
The ogre barely misses you.
You impale the ogre!!
You kill the ogre!
You hear some strange, mumbled words.
A puff of flame appears from out of thin air!
You block the puff of flame.
Your Shields skill increases to level 4!
No target in view!
No target in view!
You hear some strange, mumbled words.
A puff of flame appears from out of thin air!
The puff of flame hits you but does no damage.
Your icy defenses dissipate!
Items here: ) †††.
You hit something but do no damage. Something hits you.
You are poisoned.
You miss something.
You feel very sick.
You hear some strange, mumbled words.
A puff of flame appears from out of thin air!
The puff of flame hits you! Something hits you but does no damage.
You are more poisoned.
You miss something.
* * * LOW HITPOINT WARNING * * *
You feel very sick. Something hits you but does no damage.
You are lethally poisoned!
You puncture something!
* * * LOW HITPOINT WARNING * * *
You feel very sick. Something hits you.
* * * LOW HITPOINT WARNING * * *
You are more poisoned.
You closely miss something.
You die...

#...## #....#####
#........########
#..............#
#........#####.#
##.......# #.#####
#..##...# #.#...#
#..##..######.#...#
#.......@{#...'...+
##.######.#####...#
#.# #.# #...# #.#
#.#####...#.## #.#
#....O.......# #.#
#####{.####..# #.#
###.{####..###
#####'####
#.............
#........###
#.#..)........


There were no monsters in sight!

Vanquished Creatures
  A black bear (D:4)
  An ogre (D:5)
  2 scorpions (D:4)
  A necrophage (D:5)
  A jelly (D:4)
  A hound (D:4)
  2 orc priests (D:4)
  3 iguanas (D:4)
  Ijyb (D:4)
  2 orc wizards (D:4)
  An adder (D:2)
  4 gnolls (D:2)
  2 worms
  4 dart slugs
  11 orcs
  3 endoplasms (D:1)
  2 giant cockroaches
  4 goblins
  3 hobgoblins
  5 jackals
  5 kobolds
  3 quokkas
  3 ball pythons
  6 bats
  3 frilled lizards (D:1)
  7 rats
81 creatures vanquished.

Notes
Turn   | Place    | Note
-------+----------+-------------------------------------------
     0 | D:1      | dr0g0th the Demonspawn Fighter began the quest for the Orb.
     0 | D:1      | Reached XP level 1. HP: 18/18 MP: 1/1
    75 | D:1      | Found a faded altar of an unknown god.
   155 | D:1      | Gained mutation: A meltable shield of frost defends you.
                  | (SH +0) [demonic ancestry]
   155 | D:1      | Reached XP level 2. HP: 24/24 MP: 2/2
   490 | D:1      | Reached XP level 3. HP: 29/29 MP: 3/3
   925 | D:2      | Identified a scroll of acquirement
   925 | D:2      | Acquired 853 gold pieces
  1015 | D:2      | Gained mutation: You have a pair of small antennae on your
                  | head. [demonic ancestry]
  1015 | D:2      | Reached XP level 4. HP: 19/35 MP: 4/4
  1541 | D:3      | Noticed Sigmund
  1752 | D:4      | Reached XP level 5. HP: 21/42 MP: 5/5
  1845 | D:4      | Reached skill level 1 in Dodging
  2023 | D:4      | Gained mutation: You have a pair of antennae on your head.
                  | [demonic ancestry]
  2023 | D:4      | Reached XP level 6. HP: 33/48 MP: 6/6
  2378 | D:4      | Noticed Ijyb
  2386 | D:4      | Killed Ijyb
  2408 | D:4      | Gained mutation: A meltable icy envelope protects you from
                  | harm. (AC +0) [demonic ancestry]
  2408 | D:4      | Reached XP level 7. HP: 37/54 MP: 7/7
  3029 | D:5      | Entered Level 5 of the Dungeon
  3195 | D:5      | Succumbed to an orc wizard's poison

Illustrated notes

Levels and vault maps discovered:
D:1:      lemuel_arrival_tunnels, layout_loops_ring,
          shapermc_ecumenical_altar_notcrosses, minmay_heptomino_o4
D:2:      layout_loops_ring, chequers_serial_rivers_micro_c
D:3:      layout_basic, mainiacjoe_overflow_tiny_flanked, serial_park_tiny_pond,
          minmay_misc_feat_plants, uniq_sigmund
D:4:      layout_basic, uniq_ijyb
D:5:      layout_basic, lightli_temple_of_fire,
          mainiacjoe_overflow_divided_tiny, serial_shops, shop_statue

Skill      XL: |  1  2  3  4  5  6  7 |
---------------+----------------------+-----
Shields        | 3 4 |  4.0
Polearms       | 2 3 4 |  4.7
Armour         | 3 4 |  4.5
Dodging        | 1 2 |  2.1
Fighting       | 4 |  4.5
Stealth        | |  0.7

Action                   |  1- 3 |  4- 6 |  7- 9 || total
-------------------------+-------+-------+-------++-------
Melee: Trident           |   101 |    11 |       ||   112
       Spear             |       |   136 |    50 ||   186
  Use: Scroll            |     5 |       |       ||     5
       Potion            |     1 |     7 |       ||     8
 Stab: Invisible         |       |     1 |       ||     1
Armor: Scale mail        |    45 |    50 |    20 ||   115
Dodge: Dodged            |    41 |    50 |    15 ||   106
Block: Buckler           |    42 |    57 |    18 ||   117

Table legend: (Time is in decaauts)
 A = Elapsed time spent in this place.
 B = Non-inter-level travel time spent in this place.
 C = Inter-level travel time spent in this place.
 D = Time resting spent in this place.
 E = Time spent auto-exploring this place.
 F = Levels seen in this place.
 G = Mean time per level.
                   A        B        C        D        E       F      G
               +--------+--------+--------+--------+--------+-----+--------+
         Total |   3278 |   3101 |    177 |    409 |   2004 |   5 |  655.6 |
       Dungeon |   3278 |   3101 |    177 |    409 |   2004 |   5 |  655.6 |
               +--------+--------+--------+--------+--------+-----+--------+

Top non-repeatable levels by time:
     D:4: 1368 daAuts
     D:2: 886 daAuts
     D:1: 788 daAuts
     D:5: 176 daAuts
     D:3: 59 daAuts
